 Dungeon Crawl Stone Soup version 0.23.2-33-g5129a83184 (webtiles) character file.

Game seed: 14356829963182442478

8986 poirepourri the Thaumaturge (level 11, -13/62 HPs)
             Began as a Deep Elf Conjurer on July 9, 2019.
             Was an Elder of Vehumet.
             Killed from afar by a gargoyle (25 damage)
             ... with a stone arrow
             ... on level 11 of the Dungeon.
             The game lasted 00:17:14 (15538 turns).

poirepourri the Thaumaturge (Deep Elf Conjurer)    Turns: 15538, Time: 00:17:14

Health: -13/62     AC:  6    Str:  5    XL:     11   Next: 17%
Magic:  20/40      EV: 21    Int: 29    God:    Vehumet [****..]
Gold:   480        SH:  0    Dex: 20    Spells: 20/38 levels left

rFire    + . .     SeeInvis .   q - +3 short sword
rCold    + . .     Gourm    .   (no shield)
rNeg     . . .     Faith    .   a - +0 robe
rPois    +         Spirit   .   s - +1 helmet
rElec    +         Reflect  .   h - +0 cloak
rCorr    +         Harm     .   (no gloves)
MR       +....                  (no boots)
Stlth    ++........             (no amulet)
HPRegen  0.20/turn              D - ring of wizardry
MPRegen  0.27/turn              B - ring of magical power

@: confused, brilliant, agile, resistant
A: rugged brown scales 1, wild magic 1
a: Renounce Religion


You were on level 11 of the Dungeon.
You worshipped Vehumet.
Vehumet was greatly pleased with you.
You were not hungry.

You visited 2 branches of the dungeon, and saw 12 of its levels.
You also visited: Ossuary.

You collected 480 gold pieces.

Inventory:

Hand Weapons
 q - a +3 short sword (weapon)
Armour
 a - a +0 robe (worn)
 h - a +0 cloak (worn)
 s - a +1 helmet (worn)
Jewellery
 b - a +2 ring of dexterity
 m - an uncursed ring of fire
 t - an uncursed ring of positive energy
 B - a ring of magical power (right hand)
 D - a ring of wizardry (left hand)
Wands
 k - a wand of flame (29)
 w - a wand of random effects (28)
 y - a wand of iceblast (4)
 A - a wand of paralysis (15)
Scrolls
 j - a scroll of magic mapping
 l - a scroll of fog
 p - 2 scrolls of amnesia
Potions
 d - a potion of degeneration
 e - 3 potions of haste
 i - 2 potions of might
 n - 6 potions of flight
 u - 2 potions of berserk rage
 H - 2 potions of lignification
Comestibles
 c - 5 rations


   Skills:
 - Level 4.0 Fighting
 - Level 5.3 Dodging
 - Level 2.4 Stealth
 - Level 14.1 Spellcasting
 + Level 13.1 Conjurations
 - Level 2.0 Hexes


You had 20 spell levels left.
You knew the following spells:

 Your Spells              Type           Power        Failure   Level  Hunger
a - Magic Dart            Conj           ####         1%          1    None
b - Searing Ray           Conj           ######       1%          2    None
c - Dazzling Spray        Conj/Hex       ######       1%          3    None
d - Iskenderun's Mystic   Conj           #######.     1%          4    None
e - Force Lance           Conj/Tloc      #######.     1%          4    None
f - Fulminant Prism       Conj/Hex       #######...   1%          4    None

Your spell library contained the following spells:

 Spells                   Type           Power        Failure   Level  Hunger
 Olgreb's Toxic Radiance  Pois           #####...     4%          4    None


Dungeon Overview and Level Annotations

Branches:
Dungeon (11/15)            Temple (1/1) D:6            Lair (0/6) D:10
    Orc (0/2) D:9

Altars:
Ashenzari
Cheibriados
Dithmenos
Elyvilon
Fedhas
Gozag
Hepliaklqana
Kikubaaqudgha
Makhleb
Nemelex Xobeh
Okawaru
Qazlal
Ru
Sif Muna
Trog
Uskayaw
Vehumet
Wu Jian
Xom
Yredelemnul
Zin
The Shining One

Shops:
D:4 :   D:9 }   D:10 (


Innate Abilities, Weirdness & Mutations

You are partially covered in rugged brown scales. (AC +1, +3% HP)
Your spells are a little harder to cast, but a little more powerful.


Message History

The orc priest misses you.
The gargoyle hurls a stone arrow at you.
The stone arrow misses you.
The stone arrow hits the orc wizard!!
The orc wizard dies!
It was a potion of ambrosia.
You are confused.
You feel invigorated.
The gargoyle hurls a stone arrow at you.
The stone arrow hits you!!
* * * LOW HITPOINT WARNING * * *
The orc priest completely misses you.
You bump into the rock wall.
The orc priest hits you from afar with a +0 trident.
* * * LOW HITPOINT WARNING * * *
The gargoyle hurls a stone arrow at you.
The stone arrow misses you.
The stone arrow hits the orc priest!
The orc priest dies!
The gargoyle hurls a stone arrow at you.
The stone arrow hits you!!
You die...

..9 #.# #.# #.#
#§# #§# #9# #§#
++#####@#
.....§§§# ##
.....§§§§......
..
...............
..
.............##
..
...........y.#
#
..........?..#
#
.............#
#+######
..............
.......)


You could see a gargoyle.

Vanquished Creatures
  A two-headed ogre (D:9)
  A manticore (D:11)
  A centaur skeleton (D:11)
  A freezing wraith (D:11)
  2 hippogriffs
  A meliai zombie (D:11)
  A vampire (D:11)
  A wraith (D:11)
  A hungry ghost (D:3)
  A water moccasin (D:7)
  4 orc warriors
  5 porcupines (D:10)
  An ice beast (D:10)
  3 sky beasts
  A black bear (shapeshifter) (D:9)
  2 phantoms
  2 necrophages
  6 ogres
  A crocodile (D:10)
  2 big kobolds
  5 centaurs
  9 bullfrogs
  A wyvern zombie (D:6)
  3 water moccasin zombies (Ossuary)
  A wyvern skeleton (D:7)
  4 scorpions
  6 killer bees
  7 wights
  4 howler monkeys
  5 crimson imps
  5 hounds
  A bullfrog zombie (D:5)
  2 orc priests
  A centaur zombie (D:7)
  2 bullfrog skeletons
  2 jellies (D:9)
  2 iguanas
  12 orc wizards
  11 worker ants
  2 killer bee zombies
  6 big kobold zombies (Ossuary)
  A hound zombie (D:5)
  A hound skeleton (D:8)
  2 mummies (Ossuary)
  2 worker ant zombies
  7 gnolls
  A howler monkey skeleton (D:10)
  9 adders
  3 shadow imps
  2 oozes
  5 adder zombies
  A worm (D:4)
  2 dart slugs (D:1)
  7 leopard geckos
  37 orcs
  6 giant cockroaches
  2 gnoll zombies (Ossuary)
  6 hobgoblins
  15 jackals
  7 quokkas
  2 ball pythons
  7 bats
  6 frilled lizards
  A giant cockroach zombie (D:6)
  8 goblins
  6 hobgoblin zombies (Ossuary)
  2 jackal skeletons
  25 kobolds
  3 kobold zombies (Ossuary)
  A leopard gecko skeleton (D:9)
  6 orc zombies (Ossuary)
  A quokka skeleton (D:7)
  5 rats
  A plant (D:3)
319 creatures vanquished.

Vanquished Creatures (others)
  An orc priest (D:11)
  2 orc wizards
  4 fulminant prisms
  25 fungi (D:10)
  9 plants (D:10)
41 creatures vanquished.

Grand Total: 360 creatures vanquished

Notes
Turn   | Place    | Note
-------+----------+-------------------------------------------
     0 | D:1      | poirepourri the Deep Elf Conjurer began the quest for the
                  | Orb.
     0 | D:1      | Reached XP level 1. HP: 10/10 MP: 6/6
   159 | D:1      | Reached skill level 4 in Spellcasting
   159 | D:1      | Reached XP level 2. HP: 15/15 MP: 6/9
   309 | D:1      | Learned a level 2 spell: Searing Ray
   932 | D:1      | Reached XP level 3. HP: 17/19 MP: 7/11
   975 | D:1      | Reached skill level 5 in Spellcasting
  1068 | D:2      | Learned a level 3 spell: Dazzling Spray
  1587 | D:2      | Found a shimmering altar of Xom.
  2049 | D:3      | Reached skill level 6 in Spellcasting
  2049 | D:3      | Reached XP level 4. HP: 24/24 MP: 2/14
  2288 | D:3      | Reached skill level 7 in Spellcasting
  2295 | D:3      | Learned a level 4 spell: Iskenderun's Mystic Blast
  2379 | D:3      | Found an ancient bone altar of Kikubaaqudgha.
  2455 | D:3      | Reached XP level 5. HP: 28/28 MP: 12/16
  3036 | D:3      | Learned a level 4 spell: Force Lance
  3041 | D:3      | Learned a level 4 spell: Fulminant Prism
  3152 | D:3      | Reached skill level 5 in Conjurations
  3214 | D:3      | Noticed a hungry ghost
  3220 | D:3      | Killed a hungry ghost
  3220 | D:3      | Reached XP level 6. HP: 32/32 MP: 4/18
  3767 | D:4      | Found Viphapn's Book Shoppe.
  4743 | D:4      | Reached XP level 7. HP: 36/36 MP: 15/19
  4871 | D:5      | Entered Level 5 of the Dungeon
  5348 | D:5      | Reached skill level 1 in Hexes
  5529 | D:5      | Reached skill level 1 in Fighting
  6108 | D:5      | Reached XP level 8. HP: 46/46 MP: 7/20
  7691 | D:6      | Reached skill level 5 in Dodging
  7878 | D:6      | Found a staircase to the Ecumenical Temple.
  7898 | D:6      | Reached skill level 8 in Spellcasting
  7902 | Temple   | Entered the Ecumenical Temple
  7947 | Temple   | Became a worshipper of Vehumet
  8616 | D:7      | Reached skill level 9 in Spellcasting
  8671 | D:7      | Reached XP level 9. HP: 39/52 MP: 15/24
  8701 | D:7      | Reached skill level 10 in Spellcasting
  9209 | D:7      | Reached skill level 11 in Spellcasting
  9674 | D:7      | Reached skill level 12 in Spellcasting
 10211 | D:8      | Reached * piety under Vehumet
 10211 | D:8      | Offered knowledge of Flame Tongue by Vehumet.
 10399 | D:8      | Reached skill level 13 in Spellcasting
 10660 | D:8      | Found a sand-covered staircase.
 10665 | Ossuary  | Entered an ossuary
 11023 | Ossuary  | Offered knowledge of Freeze by Vehumet.
 11028 | Ossuary  | Reached ** piety under Vehumet
 11756 | D:8      | Reached XP level 10. HP: 47/56 MP: 16/29
 11757 | D:8      | Reached skill level 14 in Spellcasting
 12537 | D:9      | Found a staircase to the Orcish Mines.
 12554 | D:9      | Found Hoxt's Gadget Emporium.
 13066 | D:9      | Noticed a two-headed ogre
 13071 | D:9      | Killed a two-headed ogre
 13071 | D:9      | Reached skill level 10 in Conjurations
 13379 | D:10     | Entered Level 10 of the Dungeon
 13450 | D:10     | Offered knowledge of Conjure Flame by Vehumet.
 13994 | D:10     | Found a staircase to the Lair.
 14090 | D:10     | Reached *** piety under Vehumet
 14696 | D:10     | Found Goedu's Weapon Shop.
 14839 | D:10     | Offered knowledge of Olgreb's Toxic Radiance by Vehumet.
 15262 | D:11     | Reached XP level 11. HP: 51/61 MP: 30/31
 15278 | D:11     | Noticed a death knight
 15280 | D:11     | Noticed a skeletal warrior
 15287 | D:11     | Noticed a skeletal warrior
 15518 | D:11     | Reached **** piety under Vehumet
 15535 | D:11     | Gained mutation: Your spells are a little harder to cast,
                  | but a little more powerful. [potion of mutation]
 15535 | D:11     | Gained mutation: You are partially covered in rugged brown
                  | scales. (AC +1, +3% HP) [potion of mutation]
 15538 | D:11     | Killed from afar by a gargoyle

Skill      XL: |  1  2  3  4  5  6  7  8  9 10 11 |
---------------+----------------------------------+-----
Spellcasting   | 4 6 7 9 13 14 | 14.1
Conjurations   | 6 7 8 12 13 | 13.1
Hexes          | 2 |  2.0
Fighting       | 3 4 |  4.0
Dodging        | 5 |  5.3
Stealth        | |  2.4

Action                   |  1- 3 |  4- 6 |  7- 9 | 10-12 || total
-------------------------+-------+-------+-------+-------++-------
Melee: Unarmed           |     1 |     1 |       |       ||     2
       Short sword       |       |    61 |    38 |    23 ||   122
Throw: Throwing net      |       |       |       |     1 ||     1
 Cast: Magic Dart        |    64 |    35 |    79 |    67 ||   245
       Searing Ray       |     6 |    26 |    37 |    10 ||    79
       Iskenderun's Myst |       |     9 |   119 |   103 ||   231
       Fulminant Prism   |       |       |     2 |     2 ||     4
       Dazzling Spray    |       |       |     1 |       ||     1
       Force Lance       |       |       |       |     8 ||     8
Evoke: Wand              |       |     4 |       |       ||     4
  Use: Scroll            |     8 |     3 |    10 |    12 ||    33
       Potion            |       |       |     4 |     7 ||    11
  Eat: Chunk             |     2 |     1 |     1 |     1 ||     5
       Ration            |     1 |     2 |     7 |     3 ||    13
Armor: Robe              |       |     6 |    26 |    18 ||    50
Dodge: Dodged            |     5 |    26 |   111 |    89 ||   231
